 Dungeon Crawl Stone Soup version 0.28.0-62-gf88900778d (webtiles) character file.

Game seed: 2502542893049288222

247 Coron the Sneak (level 5, -9/51 HPs)
             Began as a Deep Dwarf Delver on Mar 31, 2023.
             Was a Believer of Makhleb.
             Mangled by an ice beast (12 damage)
             ... on level 4 of the Dungeon.
             The game lasted 00:10:48 (3221 turns).

Coron the Sneak (Deep Dwarf Delver)                 Turns: 3221, Time: 00:10:48

Health: -9/51      AC:  5    Str: 18    XL:     5   Next: 85%
Magic:  4/4        EV: 12    Int: 10    God:    Makhleb [**....]
Gold:   143        SH:  0    Dex: 14    Spells: 4/4 levels left

rFire   . . .      SeeInvis .   a - +0 hand axe
rCold   . . .      Faith    .   (no shield)
rNeg    + . .      Spirit   .   b - +0 leather armour
rPois   .          Reflect  .   n - +1 helmet
rElec   .          Harm     .   (no cloak)
rCorr   .          Rampage  .   (no gloves)
Will    .....                   (no boots)
Stlth   +++.......              (no amulet)
HPRegen 0.00/turn               w - ring of positive energy
MPRegen 0.09/turn               (no ring)

@: no status effects
A: damage resistance, heal wounds, sense surroundings 1, no regeneration
a: Heal Wounds, Renounce Religion, Minor Destruction


You were on level 4 of the Dungeon.
You worshipped Makhleb.
Makhleb was pleased with you.
You visited 2 branches of the dungeon, and saw 6 of its levels.

You collected 143 gold pieces.

Inventory:

Hand Weapons
 a - a +0 hand axe (weapon)
 e - a +0 hunting sling
Missiles
 h - 84 stones (quivered)
Armour
 b - a +0 leather armour (worn)
 n - a +1 helmet (worn)
Jewellery
 w - a ring of positive energy (left hand)
Wands
 g - a wand of digging (3)
Scrolls
 c - 4 scrolls of fog
 d - 2 scrolls of magic mapping
 f - a scroll of fear
 k - 2 scrolls of immolation
 l - a scroll of enchant armour {unknown}
 o - a scroll of teleportation {unknown}
 p - a scroll of enchant weapon {unknown}
 s - a scroll of amnesia {unknown}
 t - a scroll of holy word {unknown}
Potions
 i - a potion of brilliance
 j - 3 potions of curing
 m - a potion of invisibility {unknown}
 q - a potion of attraction
 r - a potion of resistance
 u - a potion of degeneration {unknown}
 v - a potion of heal wounds
 x - a potion of cancellation {unknown}
 z - a potion of might {unknown}


   Skills:
 + Level 4.7 Fighting
 - Level 3.0 Axes
 - Level 3.0 Armour
 - Level 3.0 Dodging
 - Level 6.1 Stealth


You had 4 spell levels left.
You didn't know any spells.
Your spell library contained the following spells:

 Spells                   Type           Power      Damage    Failure   Level
 Summon Lightning Spire   Summ/Air       0%         N/A       99%         4
 Storm Form               Tmut/Air       0%         N/A       100%        7
 Maxwell's Capacitive Co  Air            0%         ∞         100%        8


Dungeon Overview and Level Annotations

Branches:
Dungeon (5/15)             Temple (1/1) D:4

Altars:
Ashenzari
Dithmenos
Elyvilon
Fedhas
Gozag
Hepliaklqana
Kikubaaqudgha
Makhleb
Nemelex Xobeh
Okawaru
Qazlal
Sif Muna
Trog
Uskayaw
Vehumet
Wu Jian
Xom
Zin
The Shining One

Shops:
D:4 !

Annotations:
D:2 Sigmund
D:4 3 runed translucent doors, 2 exclusions, cbfl8's ghost, amateur MiBe


Innate Abilities, Weirdness & Mutations

You are resistant to damage.
You can heal yourself by infusing magical energy.
You passively map a small area around you.
You do not regenerate.


Message History

You hit the ice beast.
The ice beast is severely wounded.
The ice beast hits you but does no damage.
The ice beast barely misses you.
You hit the ice beast but do no damage.
The ice beast is severely wounded.
The ice beast barely misses you.
You closely miss the ice beast.
The ice beast is severely wounded.
The ice beast completely misses you.
You hit the ice beast but do no damage.
The ice beast is severely wounded.
The ice beast closely misses you.
You hit the ice beast but do no damage.
The ice beast is severely wounded.
The ice beast hits you but does no damage.
You closely miss the ice beast.
The ice beast is severely wounded.
The ice beast closely misses you.
You barely miss the ice beast.
The ice beast is severely wounded.
The ice beast hits you. The ice beast freezes you!
The ice beast closely misses you.
You hit the ice beast.
The ice beast is almost dead.
The ice beast closely misses you.
You hit the ice beast.
The ice beast is almost dead.
The ice beast hits you but does no damage.
You barely miss the ice beast.
The ice beast is almost dead.
The ice beast hits you. The ice beast freezes you!
* * * LOW HITPOINT WARNING * * *
You hit the ice beast but do no damage.
The ice beast is almost dead.
The ice beast hits you but does no damage.
You fail to use your ability.
The ice beast hits you.
* * * LOW HITPOINT WARNING * * *
The ice beast freezes you!
You die...

#.#..#..###..##.#.......#.#
#.#..##..##...##w.........#####
#.#..###.##....##..............
#....#...#..>.###......##.#####
###..#..#.....###.#....##.#
#.......##...#..##)#.##.#
#......####....###)#.##.#
##.##.####..######....#.###
##.#..#.....@Y.(...(......#
#....#...######.####..#.#.#
#..#...### *#.## #..#.#.#
#..##..#######...###..#.#.###
#......))))†#.#.#.##..#..#...
#.#########...........###.###
#.# #...#.#.##.## #.# #.#
#..#...###.####.#
#.#########....>..........#


You could see an ice beast.

Vanquished Creatures
  Natasha (thrice) (D:2)
  A hound skeleton (D:4)
  Robin (D:4)
  6 adders
  An ufetubus (D:4)
  An adder skeleton (D:4)
  A worm (D:4)
  6 ball pythons
  17 bats
  5 endoplasms
  4 giant cockroaches
  15 goblins
  9 hobgoblins
  3 jackals (D:2)
  2 quokkas
  A frilled lizard (D:2)
  8 kobolds
  2 rats
86 creatures vanquished.

Vanquished Creatures (others)
  A plant (D:1)
1 creature vanquished.

Grand Total: 87 creatures vanquished

Notes
Turn   | Place    | Note
-------+----------+-------------------------------------------
     0 | D:5      | Coron the Deep Dwarf Delver began the quest for the Orb.
     0 | D:5      | Reached XP level 1. HP: 20/20 MP: 1/1
    88 | D:5      | Noticed an ice beast
    90 | D:5      | Noticed an orc priest
    90 | D:5      | Noticed a necrophage
   113 | D:4      | Reached XP level 2. HP: 25/27 MP: 2/2
   213 | D:4      | Found a staircase to the Ecumenical Temple.
   220 | Temple   | Entered the Ecumenical Temple
   350 | Temple   | Became a worshipper of Makhleb the Destroyer
   387 | D:4      | Noticed Robin
   408 | D:4      | Killed Robin
   409 | D:4      | Reached XP level 3. HP: 11/34 MP: 3/3
   535 | D:3      | Reached skill level 1 in Armour
   622 | D:2      | Noticed Natasha
   635 | D:2      | Killed Natasha
   636 | D:2      | Reached XP level 4. HP: 37/42 MP: 3/3
   697 | D:2      | Reached * piety under Makhleb
  1213 | D:1      | Found a faded altar of an unknown god.
  1529 | D:2      | Noticed Sigmund
  1604 | D:2      | Found an opulent altar of Gozag.
  1746 | D:2      | Noticed Natasha
  1755 | D:2      | Killed Natasha
  1756 | D:2      | Reached XP level 5. HP: 34/50 MP: 4/4
  1850 | D:2      | Noticed Natasha
  1866 | D:2      | Killed Natasha
  2666 | D:3      | Reached ** piety under Makhleb
  2863 | D:4      | Found Ustrun's Distillery.
  2975 | D:4      | Found a broken altar of Ashenzari.
  3149 | D:4      | Found a runed translucent gate.
  3153 | D:4      | Found a runed translucent gate.
  3153 | D:4      | Found a runed translucent gate.
  3154 | D:4      | Noticed an orc warrior
  3154 | D:4      | Noticed cbfl8's ghost (amateur MiBe)
  3221 | D:4      | Mangled by an ice beast

Illustrated notes

Levels and vault maps discovered:
D:1:      dpeg_arrival_simpleton_c, layout_basic,
          dreamdust_ecumenical_altar_grove
D:2:      layout_loops_ring, basic_altar, chequers_serial_rivers_micro_b,
          hangedman_decor_push, uniq_sigmund, uniq_natasha
D:3:      layout_basic, minivault_14, roderic_batcave
D:4:      layout_loops_ring, ashenzari_altar_1, minmay_temple_entry_wispy,
          serial_shops, nicolae_shop_stone, gammafunk_ghost_split, uniq_robin
D:5:      layout_basic, uniq_pikel
Temple:   mainiacjoe_temple_archimedes_tessellation

Skill      XL: |  1  2  3  4  5 |
---------------+----------------+-----
Fighting       | 3 4 |  4.7
Axes           | 3 |  3.0
Dodging        | 3 |  3.0
Armour         | 2 3 |  3.0
Stealth        | |  6.1

Action                   |  1- 3 |  4- 6 || total
-------------------------+-------+-------++-------
Melee: Hand axe          |    90 |   203 ||   293
       Punch             |     2 |     8 ||    10
 Fire: Hunting sling     |       |    13 ||    13
Throw: Stone             |       |     7 ||     7
 Abil: Heal Wounds       |     3 |     1 ||     4
  Use: Scroll            |     1 |     6 ||     7
       Potion            |     1 |       ||     1
 Stab: Sleeping          |     5 |    11 ||    16
Armor: Leather armour    |    24 |    94 ||   118
Dodge: Dodged            |    65 |   145 ||   210
